 Dungeon Crawl Stone Soup version 0.20-a0-611-g5ffda9c (webtiles) character file.

4489 AlphabetPasta the Cleaver (level 10, -18/53 HPs)
             Began as a Vine Stalker Berserker on Feb 8, 2017.
             Was a High Priest of Trog.
             Demolished by a two-headed ogre
             ... wielding a +0 giant club
              (21 damage)
             ... on level 9 of the Dungeon.
             The game lasted 00:32:33 (7196 turns).

AlphabetPasta the Cleaver (Vine Stalker Berserker)  Turns: 7196, Time: 00:32:37

Health: -18/53     AC: 17    Str: 24    XL:     10   Next: 38%
Magic:  0/14       EV: 10    Int:  7    God:    Trog [*****.]
Gold:   284        SH:  0    Dex: 15    Spells: 9/9 levels left

rFire    . . .     SeeInvis .   a - +1 hand axe
rCold    . . .     Gourm    .   h - +0 plate armour
rNeg     . . .     Faith    .   (no shield)
rPois    .         Spirit   +   k - +1 helmet
rElec    .         Reflect  .   m - +0 cloak
rCorr    +         Harm     .   (no gloves)
MR       +....     Clarity  +   e - +0 pair of boots
Stlth    ..........             (no amulet)
Regen    0.6/turn               o - ring of resist corrosion
                                l - +2 ring of strength

@: no status effects
A: fangs 3, blink, clarity, regeneration 1, magic shield, antimagic bite, no
potion heal 3, rot immunity, MP-powered wands
a: Blink, Berserk, Trog's Hand, Brothers in Arms, Burn Spellbooks, Renounce
Religion


You were on level 9 of the Dungeon.
You worshipped Trog.
Trog was extremely pleased with you.
You were not hungry.

You visited 1 branch of the dungeon, and saw 9 of its levels.
You also visited: Sewer.

You collected 601 gold pieces.
You spent 317 gold pieces at shops.

Inventory:

Hand Weapons
 a - a +1 hand axe (weapon)
 D - a +0 morningstar
 H - a +0 dire flail
Missiles
 i - 47 bolts
Armour
 e - a +0 pair of boots (worn)
 f - a +0 chain mail
 h - a +0 plate armour (worn)
 k - a +1 helmet (worn)
 m - a +0 cloak (worn)
Jewellery
 l - a +2 ring of strength (left hand)
 o - a ring of resist corrosion (right hand)
 v - a +4 ring of intelligence
Wands
 b - a wand of digging (6/24)
 n - a wand of polymorph (13/24)
 p - a wand of lightning (11/15)
 x - a wand of iceblast (7/15)
 y - a wand of flame (15/48)
 F - a wand of disintegration (9/24)
 G - a wand of enslavement (13/24)
 I - a wand of acid (8/15)
Scrolls
 q - a scroll of recharging
 s - 2 scrolls of teleportation
 t - 4 scrolls of fear
 u - 2 scrolls of remove curse
 J - a scroll of blinking
 L - a scroll of amnesia {unknown}
Potions
 d - a potion of cancellation
 r - 6 potions of flight
 w - a potion of magic
 z - 2 potions of berserk rage
 B - 2 potions of brilliance
 E - a potion of might
 M - a potion of cure mutation
 N - a potion of curing
Miscellaneous
 K - a box of beasts
Comestibles
 c - 10 bread rations
 g - a fruit
 j - 4 meat rations
 A - 2 royal jellies
 C - 6 chunks of flesh


   Skills:
 + Level 6.3 Fighting
 * Level 8.6 Axes
 + Level 5.6 Armour
 + Level 5.4 Dodging
 + Level 4.1 Evocations


You had 9 spell levels left.
You didn't know any spells.

Dungeon Overview and Level Annotations

Branches:
Dungeon (9/15)             Temple (0/1) D:4
   Lair: D:8-11         Orc: D:9-12

Altars:
Fedhas
Hepliaklqana
Makhleb
Qazlal
Sif Muna

Shops:
D:4 [   D:5 }


Innate Abilities, Weirdness & Mutations

You have razor-sharp teeth.
Your natural rate of healing is unusually fast.
When hurt, damage is shared between your health and your magic reserves.
Your bite disrupts and absorbs the magic of your enemies.
Potions cannot restore your health.
You are immune to rotting.
You can translocate small distances at will.
You possess an exceptional clarity of mind.
You expend magic power (3 MP) to strengthen your wands.


Message History

The two-headed ogre is severely wounded.
Evoking this partially-identified wand wasted a few charges.
You barely miss the two-headed ogre.
The two-headed ogre is severely wounded.
The two-headed ogre barely misses you.
The two-headed ogre hits you with a giant spiked club!
You slash the two-headed ogre!
The two-headed ogre is almost dead.
You hit the two-headed ogre. Your bite misses the two-headed ogre.
The two-headed ogre is almost dead.
The two-headed ogre hits you with a giant club!!
Ouch! That really hurt!
The two-headed ogre hits you but does no damage.
You closely miss the two-headed ogre. You bite the two-headed ogre.
You drain its power.
You feel invigorated.
The two-headed ogre is almost dead.
The two-headed ogre hits you with a giant club!!
* * * LOW HITPOINT WARNING * * *
The two-headed ogre hits you with a giant spiked club!!
You die...

#........#
#........#
...(....#
.......
..... ...
#O# #@#
##.#
########
#..#
.......#
#.##
.......#
#.#
.......#
#.#
.......#
#.#
.......#
#.#
.......#
#.#


You could see a two-headed ogre.

Vanquished Creatures
  A two-headed ogre (D:9)
  Prince Ribbit (D:7)
  A hippogriff (D:7)
  A spriggan (D:9)
  A hungry ghost (D:7)
  Duvessa (D:4)
  Purgy (Sewer)
  An orc warrior (D:9)
  A sky beast (D:5)
  2 black bears
  An ice beast (D:9)
  A necrophage (D:7)
  4 ogres
  5 centaurs
  2 big kobolds
  4 bullfrogs
  A gnoll sergeant (D:7)
  Dowan (D:4)
  A scorpion (D:9)
  A bullfrog zombie (D:9)
  4 howler monkeys
  2 crimson imps
  A bullfrog skeleton (D:4)
  4 hounds
  A jelly (D:6)
  6 orc wizards
  An iguana (D:7)
  9 worker ants
  A hound skeleton (D:9)
  2 worker ant zombies
  Robin (D:2)
  9 adders
  3 gnolls (D:7)
  A river rat (D:3)
  A shadow imp (D:7)
  2 oozes
  An adder skeleton (D:9)
  6 worms
  3 dart slugs
  6 leopard geckos
  21 orcs
  6 bats
  5 giant cockroaches
  8 hobgoblins
  7 jackals
  3 quokkas
  4 ball pythons
  9 frilled lizards
  16 goblins
  A jackal skeleton (D:5)
  13 kobolds
  2 leopard gecko skeletons
  A leopard gecko zombie (D:5)
  A quokka skeleton (D:8)
  6 rats
199 creatures vanquished.

Notes
Turn   | Place    | Note
-------+----------+-------------------------------------------
     0 | D:1      | AlphabetPasta the Vine Stalker Berserker began the quest for the Orb.
     0 | D:1      | Reached XP level 1. HP: 11/11 MP: 2/2
   125 | D:1      | Reached XP level 2. HP: 9/16 MP: 1/3
   174 | D:1      | Reached skill level 3 in Axes
   423 | D:1      | Reached XP level 3. HP: 17/19 MP: 4/4
  1117 | D:2      | Gained mutation: Your natural rate of healing is unusually fast. [Vine Stalker growth]
  1117 | D:2      | Reached XP level 4. HP: 22/24 MP: 5/5
  1180 | D:2      | Reached ** piety under Trog
  1182 | D:2      | Noticed Robin
  1207 | D:2      | Killed Robin
  1898 | D:2      | Reached XP level 5. HP: 23/28 MP: 6/6
  2119 | D:3      | Reached skill level 4 in Axes
  2146 | D:3      | Found a glowing drain.
  2168 | Sewer    | Entered a sewer
  2209 | Sewer    | Noticed Purgy
  2219 | Sewer    | Killed Purgy
  2219 | Sewer    | Reached XP level 6. HP: 32/32 MP: 7/7
  2323 | Sewer    | Gained mutation: You expend magic power (3 MP) to strengthen your wands. [potion of mutation]
  2323 | Sewer    | Gained mutation: You can translocate small distances at will. [potion of mutation]
  2323 | Sewer    | Gained mutation: You possess an exceptional clarity of mind. [potion of mutation]
  2482 | D:3      | Reached *** piety under Trog
  2577 | D:3      | Found a deep blue altar of Sif Muna.
  2846 | D:3      | Upgraded the game from 0.20-a0-606-gca13456 to 0.20-a0-611-g5ffda9c
  3039 | D:4      | Reached XP level 7. HP: 34/37 MP: 8/8
  3061 | D:4      | Found Lobb's Antique Armour Shop.
  3069 | D:4      | Bought a pair of boots for 135 gold pieces
  3109 | D:4      | Reached skill level 5 in Axes
  3196 | D:4      | Found a staircase to the Ecumenical Temple.
  3401 | D:4      | Noticed Dowan
  3403 | D:4      | Noticed Duvessa
  3417 | D:4      | Killed Duvessa
  3420 | D:4      | Killed Dowan
  3813 | D:5      | Entered Level 5 of the Dungeon
  3861 | D:5      | Gained mutation: You have razor-sharp teeth. [Vine Stalker growth]
  3861 | D:5      | Reached XP level 8. HP: 29/42 MP: 6/9
  3910 | D:5      | Reached skill level 6 in Axes
  4229 | D:5      | Found Jomej's Gadget Emporium.
  4270 | D:5      | Bought a wand of iceblast (9/15) for 182 gold pieces
  4623 | D:6      | Reached skill level 1 in Evocations
  4670 | D:6      | Reached **** piety under Trog
  4962 | D:6      | Reached skill level 5 in Fighting
  5481 | D:7      | Reached XP level 9. HP: 45/47 MP: 11/11
  5559 | D:7      | Reached skill level 7 in Axes
  5774 | D:7      | Found a blossoming altar of Fedhas.
  5830 | D:7      | Found a burning altar of Makhleb.
  5830 | D:7      | Noticed an Executioner
  5834 | D:7      | Noticed a hellwing
  5834 | D:7      | Noticed a smoke demon
  5883 | D:7      | Noticed Prince Ribbit
  5893 | D:7      | Killed Prince Ribbit
  5912 | D:7      | Reached skill level 5 in Armour
  6133 | D:7      | Found a stormy altar of Qazlal.
  6250 | D:7      | Got a sapphire-encrusted scale mail
  6261 | D:7      | Identified the cursed +1 scale mail "Kovas" {Int+2} (You found it on level 7 of the Dungeon)
  6636 | D:9      | Reached ***** piety under Trog
  6666 | D:9      | Reached skill level 8 in Axes
  6666 | D:9      | Reached skill level 5 in Dodging
  6707 | D:9      | Reached XP level 10. HP: 53/53 MP: 13/13
  6899 | D:9      | Found a hazy altar of Hepliaklqana.
  6989 | D:9      | Noticed a two-headed ogre
  6995 | D:9      | Killed a two-headed ogre
  7189 | D:9      | Noticed a two-headed ogre
  7196 | D:9      | Demolished by a two-headed ogre

Vault maps used:
D:1:      minmay_arrival_hallway, serial_glass, glass_columns_a,
          glass_columns_a, glass_columns_a, glass_columns_a
D:2:      serial_co_window_serial, co_window_paths_a, co_window_corner_a,
          co_window_cross_1, co_window_paths_a, co_window_paths_b,
          co_window_broadway_c, co_window_unsneaky_path_b,
          co_window_of_opportunity_b, co_window_broadway_a,
          co_window_of_opportunity_b, co_window_paths_e, glass_columns_b,
          glass_columns_c, glass_columns_a, glass_columns_a, glass_columns_c,
          kennysheep_generic_room_3, uniq_robin
D:3:      lemuel_round_altar, portal_sewer_entry_a
D:4:      minmay_temple_entry_enclosed_plants, serial_shops, shop,
          serial_corexii_hall, corexii_hall_statues_x, corexii_hall_statues_l,
          small_statue_intersection, uniq_duvessa
D:5:      first_bread, serial_shops, shop_coins
D:6:      supply_closet_lemuel
D:7:      makhleb_altar_promises_db, nicolae_overflow_hidden_temple,
          fedhas_altar_3, minmay_hedge_maze, uniq_prince_ribbit1
D:9:      lemuel_round_altar, the_bakery, kennysheep_small_circle
Sewer:    sewer_co_purgy_island

Skill      XL: |  1  2  3  4  5  6  7  8  9 10 |
---------------+-------------------------------+-----
Axes           | 3 4 5 6 8 |  8.6
Armour         | 2 3 4 5 |  5.6
Fighting       | 3 4 5 6 |  6.3
Dodging        | 2 3 4 5 |  5.4
Evocations     | 1 3 4 |  4.1

Action                   |  1- 3 |  4- 6 |  7- 9 | 10-12 || total
-------------------------+-------+-------+-------+-------++-------
Melee: Hand axe          |    95 |   164 |   326 |    75 ||   660
       Bite              |    24 |    42 |   122 |    29 ||   217
Invok: Berserk           |     1 |     1 |     2 |       ||     4
       Trog's Hand       |       |     1 |       |       ||     1
Evoke: Wand              |       |       |       |     6 ||     6
  Use: Scroll            |     4 |     6 |     9 |     2 ||    21
       Potion            |       |     4 |       |       ||     4
  Eat: Royal jelly       |     1 |       |       |       ||     1
       Chunk             |       |     7 |    17 |     2 ||    26
       Fruit             |       |       |     2 |       ||     2
Armor: Chain mail        |    45 |    82 |   140 |       ||   267
       Animal skin       |     2 |       |       |       ||     2
       Plate armour      |       |       |    46 |    36 ||    82
Dodge: Dodged            |    41 |    67 |   145 |    29 ||   282
